 Dungeon Sprint DCSS version 0.27-a0-562-g0d39f094a4 (webtiles) character file.

Game seed: 12861081561717617529

21546 sahdkjhfkaj the Merfolkian Porcupine (level 12, -8/89 HPs)
             Began as a Merfolk Berserker on Mar 9, 2021.
             Was the Champion of Trog.
             Killed from afar by a green death (17 damage)
             ... with a poison arrow
             ... in the Dungeon (Sprint VII: "The Pits").
             The game lasted 00:07:23 (4149 turns).

sahdkjhfkaj the Merfolkian Porcupine (MfBe)         Turns: 4149, Time: 00:07:24

Health: -8/89      AC: 17    Str: 18    XL:     12   Next: 91%
Magic:  12/12      EV: 19    Int:  7    God:    Trog [******]
Gold:   16         SH:  0    Dex: 17    Spells: 11/11 levels left

rFire    . . .     SeeInvis .   a - +13 scythe of Curses {drain, *Drain}
rCold    . . .     Faith    .   (shield currently unavailable)
rNeg     + . .     Spirit   .   p - +4 chain mail
rPois    .         Reflect  .   n - +0 helmet
rElec    .         Harm     .   o - +0 cloak
rCorr    .         Rampage  .   (no gloves)
Will     .....     NoTele   +   (no boots)
Stlth    ..........             (no amulet)
HPRegen  0.24/turn              u - ring of positive energy
MPRegen  0.13/turn              k - +3 ring of protection

@: lethally poisoned (-8 -> -21)
A: change form in water, amphibious, nimble swimmer 2
a: Renounce Religion, Berserk, Trog's Hand, Brothers in Arms


You were in the Dungeon.
You worshipped Trog.
Trog was exalted by your worship.
You visited 1 branch You collected 16 gold pieces.

Inventory:

Hand Weapons
 a - the +13 scythe of Curses (weapon) {drain, *Drain}
   (Trog gifted it to you in the Dungeon)

   A truly terrible weapon, it drains the life of those it strikes.
   It causes draining when unequipped.
Armour
 n - a +0 helmet (worn)
 o - a +0 cloak (worn)
 p - a +4 chain mail (worn)
Jewellery
 b - a +3 ring of intelligence
 k - a +3 ring of protection (right hand)
 t - a ring of ice
 u - a ring of positive energy (left hand)
 w - a ring of willpower
Scrolls
 l - 3 scrolls of fear
 q - 2 scrolls of fog
 r - 2 scrolls of enchant weapon
 s - a scroll of identify
Potions
 c - 6 potions of curing
 d - 11 potions of heal wounds
 e - a potion of haste
 f - 4 potions of magic
 g - 5 potions of berserk rage
 i - 2 potions of invisibility
 m - 3 potions of might
 v - a potion of flight


   Skills:
 + Level 6.4 Fighting
 O Level 27 Polearms
 - Level 1.3 Armour
 O Level 27 Dodging


You had 11 spell levels left.
You didn't know any spells.
Your spell library was empty.

Dungeon Overview and Level Annotations

Branches:
Dungeon (1/1)

Altars:
Ashenzari
Cheibriados
Dithmenos
Elyvilon
Fedhas
Gozag
Hepliaklqana
Kikubaaqudgha
Makhleb
Nemelex Xobeh
Okawaru
Qazlal
Ru
Sif Muna
Trog
Uskayaw
Vehumet
Wu Jian
Xom
Yredelemnul
Zin
The Shining One
Beogh
Jiyva
Lugonu


Innate Abilities, Weirdness & Mutations

You revert to your normal form in water.
You are amphibious.
You are quick and stealthy while swimming. (Stealth+, EV+, Speed+++)


Message History

Okay, then.
Blink to where?
Press: ? - help, Dir - move target
As you read the scroll of blinking, it crumbles to dust.
The green death gestures at you. The bolt of poison misses you.
Things that are here:
a +0 long sword; a +0 plate armour; an orc skeleton
There is a large open door to the Armoury (Hard), spattered with blood here.
You see here a +3 vorpal dagger.
The green death gestures at you. The blast of poison engulfs you!
You are poisoned.
* * * LOW HITPOINT WARNING * * *
You are engulfed in poison gas.
You are lethally poisoned!
* * * LOW HITPOINT WARNING * * *
x2 You feel sick.
The green death gestures at you. The blast of poison misses you.
Okay, then.
You feel better.
You are engulfed in poison gas.
You are lethally poisoned!
* * * LOW HITPOINT WARNING * * *
You feel sick.
Unknown command.
Unknown command.
You are engulfed in poison gas.
You are more poisoned.
* * * LOW HITPOINT WARNING * * *
x2 You feel sick.
Unknown command.
Unknown command.
* * * LOW HITPOINT WARNING * * *
You feel very sick.
You feel better. The green death gestures at you. The poison arrow hits you!
You are lethally poisoned!
You die...

#++#################
#.....)°..c........)
#..@..2p........))).
#..##############c)#
#..# #...)÷ #..#
##++##..... #####
#..# #....#.....
##..# #..#
####....###p.# ##..#
#))# +......§......
''..# #..#
####..p.......
''..##########..#
#..####....


You could see a yaktaur captain, a vault guard and a green death.

Vanquished Creatures
  A ghost moth (D)
  2 orc warlords (D)
  A vampire knight (D)
  A minotaur (D)
  Erolcha (D)
  A naga warrior (D)
  A death knight (D)
  A hydra (D)
  A centaur warrior (D)
  2 deep elf knights (D)
  A spriggan druid (D)
  A swamp dragon (D)
  A deep elf zephyrmancer (D)
  4 orc knights (D)
  5 slime creatures (D)
  An elephant (D)
  An orange demon (D)
  Psyche (D)
  A komodo dragon (D)
  A freezing wraith (D)
  A wandering mushroom (D)
  A hellwing (D)
  A jumping spider (D)
  A snapping turtle (D)
  A tyrant leech (D)
  2 spriggans (D)
  2 flying skulls (D)
  A tarantella (D)
  A wyvern (D)
  A vampire (D)
  A warg (D)
  A soldier ant (D)
  An acid dragon (D)
  A floating eye (D)
  A swamp drake (D)
  A sky beast (D)
  A black bear (D)
  A centaur (D)
  2 necrophages (D)
  A bullfrog (D)
  A wight (D)
  A killer bee (D)
  A quasit (D)
  4 orc priests (D)
  2 orc wizards (D)
  A worker ant (D)
  A hell rat (D)
  An adder (D)
  A white imp (D)
  3 ufetubi (D)
  4 orcs (D)
  A ball python (D)
  A bat skeleton (D)
  2 giant cockroaches (D)
  3 hobgoblins (D)
  4 jackals (D)
  A kobold (D)
  A frilled lizard (D)
  A leopard gecko skeleton (D)
  2 rats (D)
88 creatures vanquished.

Vanquished Creatures (collateral kills)
  A merfolk avatar (D)
  A phantasmal warrior (D)
  A deep elf pyromancer (D)
  5 orc knights (D)
  An orange demon (D)
  A yaktaur (D)
  A merfolk (D)
  A shadow (D)
  A sky beast (D)
13 creatures vanquished.

Vanquished Creatures (others)
  A shadow (D)
  2 killer bees (D)
  A hound (D)
4 creatures vanquished.

Grand Total: 105 creatures vanquished

Notes
Turn   | Place    | Note
-------+----------+-------------------------------------------
     0 | D        | sahdkjhfkaj the Merfolk Berserker began the quest for the
                  | Orb.
     0 | D        | Reached XP level 1. HP: 18/18 MP: 1/1
     8 | D        | Noticed a worker ant
    13 | D        | Killed a worker ant
    14 | D        | Reached XP level 2. HP: 24/24 MP: 2/2
    14 | D        | Reached XP level 3. HP: 29/29 MP: 3/3
    18 | D        | Found a bloodstained altar of Trog.
    18 | D        | Found a shimmering blue altar of Sif Muna.
    18 | D        | Found a viscous altar of Jiyva.
    18 | D        | Found a hazy altar of Hepliaklqana.
    18 | D        | Found an opulent altar of Gozag.
    19 | D        | Found a glowing golden altar of the Shining One.
    19 | D        | Found a glowing silver altar of Zin.
    19 | D        | Found a basalt altar of Yredelemnul.
    19 | D        | Found a shimmering altar of Xom.
    19 | D        | Found an ornate altar of the Wu Jian Council.
    19 | D        | Found a sacrificial altar of Ru.
    19 | D        | Found a stormy altar of Qazlal.
    19 | D        | Found an iron altar of Okawaru.
    19 | D        | Found a sparkling altar of Nemelex Xobeh.
    19 | D        | Found a burning altar of Makhleb.
    19 | D        | Found a blossoming altar of Fedhas.
    19 | D        | Found a white marble altar of Elyvilon.
    19 | D        | Found a shadowy altar of Dithmenos.
    19 | D        | Found a snail-covered altar of Cheibriados.
    20 | D        | Found a radiant altar of Vehumet.
    20 | D        | Found a corrupted altar of Lugonu.
    21 | D        | Found an ancient bone altar of Kikubaaqudgha.
    21 | D        | Found a hide-covered altar of Uskayaw.
    21 | D        | Found a broken altar of Ashenzari.
   155 | D        | Reached ** piety under Trog
   198 | D        | Noticed a floating eye
   201 | D        | Killed a floating eye
   202 | D        | Reached XP level 4. HP: 35/35 MP: 4/4
   202 | D        | Reached XP level 5. HP: 41/41 MP: 5/5
   354 | D        | Reached *** piety under Trog
   449 | D        | Noticed a black bear
   455 | D        | Reached **** piety under Trog
   460 | D        | Reached skill level 15 in Polearms
   465 | D        | Reached XP level 6. HP: 47/47 MP: 6/6
   466 | D        | Reached ***** piety under Trog
   476 | D        | Killed a black bear
   479 | D        | Identified the +7 glaive of Pestilence {flame, +Fly Dex+5}
                  | (Trog gifted it to you in the Dungeon)
   479 | D        | Received a gift from Trog
   550 | D        | Noticed a necrophage
   552 | D        | Killed a necrophage
   553 | D        | Reached XP level 7. HP: 52/52 MP: 7/7
   554 | D        | Noticed Erolcha
   558 | D        | Killed Erolcha
   558 | D        | Received a gift from Trog
   559 | D        | Reached XP level 8. HP: 58/58 MP: 8/8
   604 | D        | Noticed a flying skull
   608 | D        | Killed a flying skull
   766 | D        | Noticed a merfolk
   766 | D        | Noticed a deep elf pyromancer
   775 | D        | HP: 2/85 [deep elf pyromancer/sticky flame (5)]
   816 | D        | HP: 1/58 [merfolk/+0 trident (15)]
   817 | D        | Killed a merfolk
   818 | D        | Killed a deep elf pyromancer
   819 | D        | Reached XP level 9. HP: 46/64 MP: 9/9
  1138 | D        | Received a gift from Trog
  1511 | D        | Noticed an elephant
  1511 | D        | Noticed a deep elf knight
  1522 | D        | Killed a deep elf knight
  1531 | D        | Killed an elephant
  1531 | D        | Reached ****** piety under Trog
  1587 | D        | Noticed a deep elf zephyrmancer
  1587 | D        | Noticed a jumping spider
  1588 | D        | Noticed a swamp dragon
  1595 | D        | Received a gift from Trog
  1611 | D        | Killed a jumping spider
  1612 | D        | Reached skill level 27 in Polearms
  1612 | D        | Reached XP level 10. HP: 40/70 MP: 10/10
  1634 | D        | Killed a deep elf zephyrmancer
  1711 | D        | Killed a swamp dragon
  1712 | D        | Reached skill level 10 in Dodging
  1762 | D        | Received a gift from Trog
  1788 | D        | Noticed a minotaur
  1789 | D        | Noticed a seven-headed hydra
  1827 | D        | Killed a four-headed hydra
  1835 | D        | Killed a minotaur
  1836 | D        | Reached skill level 15 in Dodging
  1932 | D        | Received a gift from Trog
  1941 | D        | Reached XP level 11. HP: 75/75 MP: 11/11
  2045 | D        | Noticed Psyche
  2049 | D        | Killed Psyche
  2191 | D        | Noticed a phantasmal warrior
  2217 | D        | Received a gift from Trog
  2222 | D        | Killed a phantasmal warrior
  2573 | D        | Received a gift from Trog
  2636 | D        | Noticed a centaur warrior
  2641 | D        | Killed a centaur warrior
  2797 | D        | Noticed a death knight
  2810 | D        | Killed a death knight
  2880 | D        | Noticed a vampire knight
  2893 | D        | Killed a vampire knight
  2893 | D        | Received a gift from Trog
  2941 | D        | Noticed a spriggan druid
  2947 | D        | Killed a spriggan druid
  2955 | D        | Received a gift from Trog
  2956 | D        | Found the +13 scythe of Curses {drain, *Drain}
  3102 | D        | Killed a ghost moth
  3103 | D        | Reached XP level 12. HP: 81/81 MP: 0/12
  3333 | D        | Noticed an orc warlord
  3333 | D        | Noticed an orc warlord
  3410 | D        | Received a gift from Trog
  3415 | D        | Killed an orc warlord
  3423 | D        | Killed an orc warlord
  3484 | D        | Received a gift from Trog
  3786 | D        | Noticed a merfolk avatar
  3786 | D        | Noticed a naga warrior
  3792 | D        | Killed a naga warrior
  3807 | D        | Killed a merfolk avatar
  3808 | D        | Reached skill level 27 in Dodging
  4028 | D        | Received a gift from Trog
  4068 | D        | Noticed a deep elf knight
  4078 | D        | Killed a deep elf knight
  4123 | D        | Noticed a green death
  4127 | D        | Noticed a vault guard
  4127 | D        | Noticed a yaktaur captain
  4146 | D        | HP: 4/89 [poisoned by a green death (poison gas)]
  4147 | D        | HP: 1/89 [poisoned by a green death (poison gas)]
  4149 | D        | Killed from afar by a green death

Illustrated notes

Levels and vault maps discovered:
D:        pitsprint [storerooms_1, entrance_room_1, metal_vault_3, armoury_1,
          mini_pit_1, grid_room_1, main_hall_1, silver_pit, the_coven_2,
          the_vestibule_1, steel_vault_4, golden_pit, hallway_of_sentries,
          crystal_vault_4, iron_vault_5, final_vault]

Skill      XL: |  1  2  3  4  5  6  7  8  9 10 11 12 |
---------------+-------------------------------------+-----
Polearms       | 9 13 16 19 22 24 27 | 27.0
Dodging        | 3 16 23 27 | 27.0
Fighting       | 6 |  6.4
Armour         | |  1.3

Action                   |  1- 3 |  4- 6 |  7- 9 | 10-12 || total
-------------------------+-------+-------+-------+-------++-------
Melee: Spear             |     3 |       |       |       ||     3
       Trident           |     7 |    44 |       |       ||    51
       Glaive            |       |     2 |    49 |   107 ||   158
       Scythe            |       |       |       |    74 ||    74
Invok: Berserk           |     3 |     2 |     5 |    15 ||    25
       Trog's Hand       |       |       |     1 |     3 ||     4
       Brothers in Arms  |       |       |     1 |     3 ||     4
  Use: Potion            |       |       |     4 |     8 ||    12
       Scroll            |       |       |       |     3 ||     3
Armor: Chain mail        |       |    18 |    46 |    53 ||   117
Dodge: Dodged            |     4 |    14 |    20 |    84 ||   122

Table legend: (Time is in decaauts)
 A = Elapsed time spent in this place.
 B = Non-inter-level travel time spent in this place.
 C = Inter-level travel time spent in this place.
 D = Time resting spent in this place.
 E = Time spent auto-exploring this place.
 F = Levels seen in this place.
 G = Mean time per level.
                   A        B        C        D        E       F      G
               +--------+--------+--------+--------+--------+-----+--------+
         Total |   4277 |   4186 |     91 |   2123 |    732 |   1 | 4277.0 |
       Dungeon |   4277 |   4186 |     91 |   2123 |    732 |   1 | 4277.0 |
               +--------+--------+--------+--------+--------+-----+--------+

Top non-repeatable levels by time:
       D: 4277 daAuts
